 Dungeon Crawl Stone Soup version 0.30-a0-1112-gfb780f5df6 (webtiles) character file.

Game seed: 2503745148345317757

159062 ytrimaz the Tortoise (level 17, -4/144 HPs)
             Began as a Demonspawn Fighter on Apr 19, 2023.
             Was an Elder of Jiyva.
             Slain by the 24-headed Lernaean hydra (6 damage)
             ... on level 4 of the Swamp.
             The game lasted 00:38:54 (28958 turns).

ytrimaz the Tortoise (Demonspawn Fighter)          Turns: 28958, Time: 00:38:54

Health: -4/144     AC: 38    Str: 32    XL:     17   Next: 15%
Magic:  17/17      EV:  7    Int: 11    God:    Jiyva [****..]
Gold:   1635       SH:  4    Dex:  9    Spells: 16/16 levels left

rFire   . . .      SeeInvis +    k - +8 hand axe "Cadiunu" {flame, rC+}
rCold   + + .      Faith    .    g - +0 buckler {AC+3}
rNeg    . . .      Spirit   .    y - +2 crystal plate armour
rPois   +          Reflect  .    (helmet unavailable)
rElec   .          Rampage  .    U - scarf {repulsion}
rCorr   +                        E - +2 pair of gloves of the Volcano {+Blink rPois Int+2 Dex-5}
Will    +....                    C - +2 pair of boots {Fly} Stlth
                                 o - amulet of regeneration
HPRegen 2.52/turn                l - ring of see invisible
MPRegen 0.55/turn                F - +4 ring of slaying

@: mighty, flying, repel missiles
A: horns 3, thin skeletal structure 2, demonic guardian 2, powered by death 2,
cold resistance 1, strong 2, engulf
a: Renounce Religion, Evoke Blink, Oozemancy, Slimify


You were on level 4 of the Swamp.
You worshipped Jiyva.
Jiyva was greatly pleased with you.
You visited 4 branches of the dungeon, and saw 26 of its levels.
You also visited: Ossuary, Gauntlet, Ice Cave and Volcano.

You collected 2492 gold pieces.
You spent 857 gold pieces at shops.


Innate Abilities, Weirdness & Mutations

You have a pair of large horns on your head.
You have a moderately thin skeletal structure. (Dex +4, Stealth++)
A demonic guardian rushes to your aid.
You regenerate health from kills.
Your flesh is cold resistant. (rC+)
Your muscles are very strong. (Str +8, Int/Dex -2)
Your melee attacks may engulf your foes in ooze.


   Skills:
 + Level 16.0 Fighting
 - Level 16.0 Axes
 * Level 18.1 Armour
 - Level 2.6 Shields


You had 16 spell levels left.
You didn't know any spells.
Your spell library contained the following spells:

 Spells                   Type           Power      Damage    Failure   Level
 Beastly Appendage        Tmut           0%         N/A       99%         1
 Kiss of Death            Conj/Necr      0%         2d5       99%         1
 Sandblast                Erth           0%         2d4       99%         1
 Cigotuvi's Dreadful Rot  Necr/Pois/Air  0%         N/A       100%        2
 Ensorcelled Hibernation  Hex/Ice        0%         N/A       100%        2
 Passwall                 Tmut/Erth      0%         N/A       100%        2
 Static Discharge         Conj/Air       0%         2-2/arc   100%        2
 Wereblood                Tmut           0%         N/A       100%        2
 Call Canine Familiar     Summ           0%         N/A       100%        3
 Confusing Touch          Hex            0%         N/A       100%        3
 Ignite Poison            Fire/Tmut/Pois 0%         N/A       100%        3
 Portal Projectile        Hex/Tloc       0%         N/A       100%        3
 Spider Form              Tmut/Pois      0%         N/A       100%        3
 Stone Arrow              Conj/Erth      0%         3d7       100%        3
 Vhi's Electric Charge    Tloc/Air       0%         N/A       100%        3
 Anguish                  Hex/Necr       0%         N/A       100%        4
 Dispel Undead            Necr           0%         3d6       100%        4
 Ice Form                 Ice/Tmut       0%         N/A       100%        4
 Leda's Liquefaction      Hex/Erth       0%         N/A       100%        4
 Alistair's Intoxication  Tmut/Pois      0%         N/A       100%        5
 Arcjolt                  Conj/Air       0%         1d10      100%        5
 Freezing Cloud           Conj/Ice/Air   0%         6-21      100%        5
 Lee's Rapid Deconstruct  Erth           0%         3d4*      100%        5
 Death Channel            Necr           0%         N/A       100%        6
 Plasma Beam              Fire/Air       0%         2x1d11    100%        6
 Statue Form              Tmut/Erth      0%         N/A       100%        6
 Maxwell's Capacitive Co  Air            0%         ∞         100%        8

Inventory:

Hand Weapons
 k - the +8 hand axe "Cadiunu" (weapon) {flame, rC+}
   (You found it on level 2 of the Dungeon)

   rC:        It protects you from cold.
 Q - a +0 battleaxe
   (You found it on level 4 of the Swamp)
 Y - a +3 heavy executioner's axe
   (You found it in a Gauntlet)
Armour
 g - a +0 buckler of protection (worn)
   (You took it off a gnoll sergeant on level 12 of the Dungeon)
 y - a +2 crystal plate armour (worn)
   (You acquired it on level 7 of the Dungeon)
 C - a +2 pair of boots of flying (worn)
   (You found it on level 5 of the Lair of Beasts)
 E - the +2 pair of gloves of the Volcano (worn) {+Blink rPois Int+2 Dex-5}
   (You bought it in a shop on level 6 of the Dungeon)

   Int:       It affects your intelligence (+2).
   Dex:       It affects your dexterity (-5).
   rPois:     It protects you from poison.
   +Blink:    It lets you blink.
 U - a scarf of repulsion (worn)
   (You found it on level 1 of the Swamp)
Jewellery
 h - a ring of positive energy
   (You found it on level 2 of the Swamp)
 l - a ring of see invisible (left hand)
   (You found it on level 3 of the Dungeon)
 o - an amulet of regeneration (around neck)
   (You found it on level 14 of the Dungeon)
 p - a +4 ring of protection
   (You found it on level 14 of the Dungeon)
 F - a +4 ring of slaying (right hand)
   (You found it on level 7 of the Dungeon)
 T - an amulet of the acrobat
   (You found it on level 1 of the Swamp)
 V - a +5 ring of evasion
   (You found it in a Gauntlet)
 W - a ring of protection from cold
   (You took it off a minotaur in a Gauntlet)
Wands
 z - a wand of flame (97)
   (You found it on level 6 of the Dungeon)
 A - a wand of acid (6) (quivered)
   (You found it on level 10 of the Dungeon)
 B - a wand of polymorph (8)
   (You found it on level 6 of the Dungeon)
 H - a wand of iceblast (22)
   (You found it on level 10 of the Dungeon)
 K - a wand of digging (6)
   (You found it on level 4 of the Swamp)
 N - a wand of paralysis (10)
   (You found it on level 12 of the Dungeon)
Scrolls
 b - a scroll of fog
 c - a scroll of brand weapon
 e - 5 scrolls of noise
 i - 12 scrolls of teleportation
 n - a scroll of fear
 q - 2 scrolls of enchant armour
 s - 3 scrolls of amnesia
 u - 4 scrolls of poison
 v - 2 scrolls of blinking
 w - 3 scrolls of vulnerability
 I - a scroll of silence
 P - 2 scrolls of butterflies
 R - 2 scrolls of enchant weapon
 X - a scroll of magic mapping
Potions
 a - 2 potions of ambrosia
 d - a potion of might
 f - 10 potions of curing
 j - a potion of brilliance
 m - 7 potions of flight
 r - a potion of heal wounds
 t - 2 potions of attraction
 x - 5 potions of berserk rage
 D - 8 potions of mutation
 G - 6 potions of haste
 J - a potion of invisibility
 L - a potion of magic
 M - a potion of resistance
 O - 2 potions of lignification
 S - 3 potions of cancellation

Dungeon Overview and Level Annotations

Branches:
Dungeon (15/15) Zot: 25882 Temple (0/1) D:5 Lair (5/5) D:11 Zot: 24570 Swamp (4/4) Lair:3 Zot: 22057 Spider (0/4) Lair:2 Slime (0/5) Lair:5 Orc (2/2) D:9 Zot: 10187 Elf (0/3) Orc:2 Vaults (0/5) D:13 D:14 Depths (0/4) D:15 Ossuary (visited) IceCv (visited) Volcano (visited) Gauntlet (visited)

Altars:
Cheibriados
Dithmenos
Hepliaklqana
Makhleb
Qazlal
Ru
Trog
Xom
Jiyva

Shops:
D:1 (   D:6 [[   D:11 ?!   Orc:2 :*[(

Annotations:
D:5 1 runed translucent door, gelatine's ghost, novice DsAE
D:6 1 transporter
D:9 2 transporters, gelatine's ghost, journeyman DsFE
D:14 exclusion: obsidian statue
Lair:3 3 runed translucent doors, BleedingAnus's ghost, journeyman MiFi
Swamp:2 3 runed translucent doors, AiryTheDragon's ghost, journeyman DrAE
Swamp:4 Lernaean hydra

♣♣♣♣♣♣♣ ...♣♣≈♣♣ #≈###
## ~~..≈§~♣♣♣ .≈≈## ~ .
~...~≈≈≈≈♣ ≈#~.≈.##.~
....#≈≈~#♣ ##≈≈§#≈~.≈.
...≈~≈≈~♣ ####≈~≈.~..~..
~...≈≈≈♣♣##≈~~≈≈.~≈≈≈≈≈≈
~?~≈≈♣♣♣ #≈#≈.~.3.......
.~.~#~♣♣ #≈≈###@D~~≈#
.#~^.≈≈♣♣ ##≈≈DDkD.≈#~.≈
.~~♣.#≈≈♣ #≈~≈~DDDD≈#
..~~.♣≈♣♣##≈≈~[~DD≈≈≈≈.
.§~~♣♣♣.≈####°##.≈.#≈~~#
.~§≈♣♣.○## ##≈°#.~≈#≈≈≈~
..♣♣♣.######≈†§~[##~≈~≈≈
...♣≈...##.~~#≈≈.≈..~#≈~
~...~...~...†°..~~....


You could see the 24-headed Lernaean hydra, a six-headed hydra, a five-headed
hydra, a three-headed hydra, 6 swamp dragons, a swamp drake and a friendly smoke
demon (summoned).


Message History

The 25-headed Lernaean hydra bites you.
The 25-headed Lernaean hydra bites you but does no damage. x4
The 25-headed Lernaean hydra bites you.
* * * LOW HITPOINT WARNING * * *
The 25-headed Lernaean hydra bites you but does no damage.
The 25-headed Lernaean hydra barely misses you.
The 25-headed Lernaean hydra bites you but does no damage. x2
The 25-headed Lernaean hydra bites you.
* * * LOW HITPOINT WARNING * * *
The 25-headed Lernaean hydra bites you but does no damage. x2
The 25-headed Lernaean hydra bites you!
* * * LOW HITPOINT WARNING * * *
The 25-headed Lernaean hydra bites you but does no damage. x4
The 25-headed Lernaean hydra bites you.
* * * LOW HITPOINT WARNING * * *
The 25-headed Lernaean hydra bites you but does no damage. x3
The 25-headed Lernaean hydra bites you.
* * * LOW HITPOINT WARNING * * *
The 25-headed Lernaean hydra bites you but does no damage.
The swamp drake bites you but does no damage. 😨 HP[-42]
You take 42 damage, and now have 53/144 hp.
MASSIVE DAMAGE!! (PAUSE) Unknown command.
You hack one of the 25-headed Lernaean hydra's heads off!
The flame cauterises the wound!
You slash the 24-headed Lernaean hydra! You burn the 24-headed Lernaean hydra.
You headbutt the 24-headed Lernaean hydra!
You chop one of the six-headed hydra's heads off!
The flame cauterises the wound!
You hit the five-headed hydra. You burn the five-headed hydra.
You slash the swamp drake! You burn the swamp drake.
You hack one of the seven-headed hydra's heads off!
The flame cauterises the wound!
You slash the six-headed hydra! You burn the six-headed hydra.
You slice one of the four-headed hydra's heads off!
The flame cauterises the wound!
You slice the three-headed hydra!! You burn the three-headed hydra.
The six-headed hydra bites you but does no damage.
The six-headed hydra bites you.
* * * LOW HITPOINT WARNING * * *
The six-headed hydra bites you but does no damage. x3
The six-headed hydra barely misses you.
You block the three-headed hydra's attack.
The three-headed hydra bites you but does no damage.
You block the three-headed hydra's attack.
The five-headed hydra bites you!
* * * LOW HITPOINT WARNING * * *
The five-headed hydra bites you.
* * * LOW HITPOINT WARNING * * *
The five-headed hydra barely misses you.
The five-headed hydra bites you but does no damage. x2 😨 HP[-10]
You take 10 damage, and now have 43/144 hp.
Unknown command.
The 24-headed Lernaean hydra attacks as you move away!
The 24-headed Lernaean hydra bites you but does no damage.
The 24-headed Lernaean hydra bites you!
* * * LOW HITPOINT WARNING * * *
The 24-headed Lernaean hydra bites you but does no damage. x3
The 24-headed Lernaean hydra bites you.
* * * LOW HITPOINT WARNING * * *
The 24-headed Lernaean hydra bites you.
* * * LOW HITPOINT WARNING * * *
The 24-headed Lernaean hydra bites you but does no damage. x2
The 24-headed Lernaean hydra barely misses you.
The 24-headed Lernaean hydra bites you but does no damage.
The 24-headed Lernaean hydra bites you.
* * * LOW HITPOINT WARNING * * *
The 24-headed Lernaean hydra bites you but does no damage. x4
The 24-headed Lernaean hydra barely misses you.
The 24-headed Lernaean hydra bites you but does no damage. x3
The 24-headed Lernaean hydra closely misses you.
The 24-headed Lernaean hydra bites you but does no damage. x3
The three-headed hydra attacks as you move away!
The three-headed hydra bites you.
* * * LOW HITPOINT WARNING * * *
The three-headed hydra bites you but does no damage.
You block the three-headed hydra's attack.
The six-headed hydra attacks as you move away!
The six-headed hydra bites you.
* * * LOW HITPOINT WARNING * * *
The six-headed hydra barely misses you.
The six-headed hydra bites you but does no damage. x4
A swamp worm comes into view.
The swamp drake bites you but does no damage.
The swamp dragon bites you but does no damage.
You block the swamp dragon's attack.
The swamp dragon tramples you but does no damage.
The 24-headed Lernaean hydra bites you but does no damage.
The 24-headed Lernaean hydra bites you.
* * * LOW HITPOINT WARNING * * *
A demonic guardian appears!
The 24-headed Lernaean hydra bites you but does no damage. x2
You block the 24-headed Lernaean hydra's attack.
The 24-headed Lernaean hydra bites you but does no damage. x2
The 24-headed Lernaean hydra bites you!
* * * LOW HITPOINT WARNING * * *
The 24-headed Lernaean hydra bites you.
You die...

Skill      XL: |  1  2  3  4  5  6  7  8  9 10 11 12 13 14 15 16 17 |
---------------+----------------------------------------------------+-----
Axes           | 2 3 4 5 6 7 9 11 12 14 16 | 16.0
Armour         | 3 4 9 13 14 17 18 | 18.1
Fighting       | 4 6 8 9 11 13 15 16 | 16.0
Shields        | |  2.6

Action                     |  1- 3 |  4- 6 |  7- 9 | 10-12 | 13-15 | 16-18 || total
---------------------------+-------+-------+-------+-------+-------+-------++-------
  Melee: War axe           |    75 |       |       |       |       |       ||    75
         Hand axe          |     8 |   174 |   219 |   555 |   731 |   540 ||  2227
         Headbutt          |       |       |       |   147 |   178 |   164 ||   489
  Throw: Throwing net      |       |       |       |     1 |       |       ||     1
  Evoke: Wand              |       |       |       |       |       |     2 ||     2
    Use: Scroll            |     3 |     1 |     5 |    17 |     2 |     5 ||    33
         Potion            |       |       |     1 |     6 |     2 |     3 ||    12
   Stab: Paralysed         |       |     1 |       |       |       |       ||     1
         Distracted        |       |       |     1 |     1 |       |     2 ||     4
         Confused          |       |       |       |       |     2 |       ||     2
 Armour: Scale mail        |    45 |       |       |       |       |       ||    45
         Plate armour      |    15 |   118 |   156 |       |       |       ||   289
         Crystal plate arm |       |       |       |   497 |   571 |   661 ||  1729
         Skin              |       |       |       |     8 |       |       ||     8
  Dodge: Dodged            |    38 |    47 |    69 |    42 |    91 |   195 ||   482
  Block: Buckler           |    27 |    32 |    51 |    93 |   114 |   126 ||   443

Levels and vault maps discovered:
D:1:      saegor_arrival_under_anarchy, layout_basic, serial_shops,
          nicolae_shop_bloodbath_and_beyond
D:2:      layout_basic, kennysheep_path_1, uniq_jessica
D:3:      layout_loops_cross, trog_hazing_becter,
          nicolae_ru_great_annihilating_truth, makhleb_altar_promises_db,
          lightli_sewer_entry_pipes, uniq_robin
D:4:      layout_cave_pods, minivault_19
D:5:      layout_loops_ring, gammafunk_temple_overflow_elements,
          mainiacjoe_overflow_brackets, minmay_temple_entry_ruins,
          enter_ossuary_5, ebering_ghost_inner_flame, kennysheep_generic_room_12
D:6:      gammafunk_wand_slinger, layout_layer_cave, serial_shops, shop, shop
D:7:      layout_basic, dreamdust_gnoll_farm
D:8:      minmay_bloctagon, layout_basic, lemuel_crystal_altar
D:9:      layout_basic, grunt_temple_overflow_order_and_chaos_1,
          lemuel_round_altar, david_orc_5, gammafunk_ghost_berserking_beasts,
          uniq_prince_ribbit1
D:10:     layout_stronghold, minmay_misc_feat_cross, minmay_tree_intersection
D:11:     layout_basic, erik_lair_orcish_takeover, serial_shops, shop_statue,
          shop, minmay_rotating_lava, uniq_psyche
D:12:     layout_cave_pools
D:13:     layout_irregular_city, hangedman_decor_lopped
D:14:     layout_gridville, david_vaults_3, fountainhead,
          minmay_protected_statue, uniq_snorg
D:15:     hangedman_depths_entry_try_elsewhere_first, layout_loops_corners,
          minmay_fountain_box
Lair:1:   layout_cave_pods, portal_ice_cave_entry_pillars_1
Lair:2:   layout_small_grid, nicolae_spider_entry_lesser_pyramids,
          beast_lair_carwin_5, infiniplex_staircase_pool_2, lemuel_fruit_fields,
          uniq_erica
Lair:3:   layout_regular_city, minmay_swamp_entry_reptiles,
          gauntlet_entry_generic, maelrawn_ghost_gauntlet_escape,
          cheibrodos_lair_reptile_den, serial_bayou_shore_b
Lair:4:   layout_hall_layers
Lair:5:   evilmike_catoblepas_cave, layout_regular_city, slime_entry_1
Swamp:1:  layout_basic_swamp, infiniplex_staircase_pool, swamp_pool5,
          hangedman_swamp_cone, grunt_hermit_hut, uniq_josephine
Swamp:2:  layout_basic_swamp, gammafunk_ghost_necromancy,
          hangedman_swamp_blocks, swamp_pool2, nicolae_swamp_thats_no_hydra,
          uniq_roxanne
Swamp:3:  layout_falls_marsh, nicolae_swamp_little_tower
Swamp:4:  swamp_old_school, layout_basic_swamp
Orc:1:    nicolae_orc_accident_3, layout_diamond_mine,
          nicolae_volcano_entry_s_turn
Orc:2:    st_orc_congregation, layout_caves, lightli_orcish_oven

Notes
Turn   | Place    | Note
-------+----------+-------------------------------------------
     0 | D:1      | ytrimaz the Demonspawn Fighter began the quest for the Orb.
     0 | D:1      | Reached XP level 1. HP: 18/18 MP: 1/1
     0 | D:1      | magus.rc [v1.9.6]
    60 | D:1      | Reached skill level 2 in Axes
   158 | D:1      | Gained mutation: A weak demonic guardian rushes to your
                  | aid. [demonic ancestry]
   158 | D:1      | Reached XP level 2. HP: 24/24 MP: 2/2
   251 | D:1      | You add the spells Cigotuvi's Dreadful Rot, Ignite Poison
                  | and Freezing Cloud to your library.
   571 | D:1      | Found Fajeara's Weapon Boutique.
   794 | D:2      | Reached XP level 3. HP: 29/29 MP: 3/3
   898 | D:2      | Identified the +8 hand axe "Cadiunu" {flame, rC+}
  1179 | D:2      | Noticed Jessica
  1186 | D:2      | Killed Jessica
  1187 | D:2      | Reached skill level 3 in Axes
  1187 | D:2      | Reached skill level 3 in Armour
  1187 | D:2      | Reached XP level 4. HP: 36/36 MP: 4/4
  1608 | D:3      | Noticed Robin
  1616 | D:3      | Killed Robin
  1663 | D:3      | You pick up a book of the Earth and begin reading...
  1663 | D:3      | You add the spells Leda's Liquefaction, Lee's Rapid
                  | Deconstruction and Statue Form to your library.
  1773 | D:3      | Found a sacrificial altar of Ru.
  1834 | D:3      | Gained mutation: You have a somewhat thin skeletal
                  | structure. (Dex +2, Stealth+) [demonic ancestry]
  1834 | D:3      | Reached XP level 5. HP: 41/41 MP: 5/5
  1936 | D:3      | Reached skill level 4 in Armour
  1944 | D:3      | Reached skill level 4 in Axes
  1980 | D:3      | Found a burning altar of Makhleb.
  1980 | D:3      | Noticed a cacodemon
  2080 | D:3      | Gained mutation: A demonic guardian rushes to your aid.
                  | [demonic ancestry]
  2080 | D:3      | Reached XP level 6. HP: 25/47 MP: 6/6
  2580 | D:3      | Found a bloodstained altar of Trog.
  3492 | D:5      | Entered Level 5 of the Dungeon
  3505 | D:5      | Reached skill level 4 in Fighting
  3591 | D:5      | Found a hazy altar of Hepliaklqana.
  3645 | D:5      | Noticed a water moccasin
  3651 | D:5      | Killed a water moccasin
  3652 | D:5      | Reached skill level 5 in Axes
  3652 | D:5      | Reached XP level 7. HP: 34/55 MP: 7/7
  3681 | D:5      | HP: 10/55 [orc wizard/puff of flame (6)]
  3682 | D:5      | Reached skill level 5 in Fighting
  3737 | D:5      | Found a sand-covered staircase.
  3744 | Ossuary  | Entered an ossuary
  3948 | Ossuary  | Reached skill level 6 in Axes
  3979 | Ossuary  | Reached skill level 6 in Fighting
  3979 | Ossuary  | Gained mutation: You have a moderately thin skeletal
                  | structure. (Dex +4, Stealth++) [demonic ancestry]
  3979 | Ossuary  | Reached XP level 8. HP: 54/64 MP: 8/8
  4040 | Ossuary  | Noticed a silent spectre
  4223 | D:5      | Found a runed translucent door.
  4241 | D:5      | Noticed gelatine's ghost (novice DsAE)
  4473 | D:5      | Found a staircase to the Ecumenical Temple.
  4588 | D:5      | Found a stormy altar of Qazlal.
  4735 | D:6      | Reached skill level 7 in Axes
  4757 | D:6      | Noticed a troll
  4768 | D:6      | Killed a troll
  4769 | D:6      | Reached skill level 7 in Fighting
  4894 | D:6      | Found a transporter.
  4986 | D:6      | Noticed a kobold demonologist
  4987 | D:6      | Found a transporter.
  4996 | D:6      | Noticed a kobold demonologist
  5326 | D:6      | Reached skill level 8 in Fighting
  5326 | D:6      | Gained mutation: You regenerate a little health from kills.
                  | [demonic ancestry]
  5326 | D:6      | Reached XP level 9. HP: 68/74 MP: 9/9
  5645 | D:6      | Noticed an unseen horror
  5668 | D:6      | Killed an unseen horror
  5669 | D:6      | Reached skill level 8 in Axes
  5845 | D:6      | Found Koroiq's Antique Armour Shoppe.
  5853 | D:6      | Bought a pair of brightly glowing gloves for 275 gold
                  | pieces
  5853 | D:6      | Identified the +2 pair of gloves of the Volcano {+Blink
                  | rPois Int+2 Dex-5} (You bought it in a shop on level 6 of
                  | the Dungeon)
  5859 | D:6      | Found Koedd's Armour Shop.
  6280 | D:7      | Noticed a two-headed ogre
  6292 | D:7      | Killed a two-headed ogre
  6293 | D:7      | Reached skill level 9 in Fighting
  6293 | D:7      | Reached skill level 9 in Axes
  6870 | D:7      | Noticed a troll
  6875 | D:7      | Killed a troll
  6876 | D:7      | Gained mutation: You have a pair of small horns on your
                  | head. [demonic ancestry]
  6876 | D:7      | Reached XP level 10. HP: 81/85 MP: 10/10
  6959 | D:7      | Identified a scroll of acquirement
  6959 | D:7      | Acquired a +2 crystal plate armour
  7170 | D:8      | Found a shadowy altar of Dithmenos.
  7189 | D:8      | Reached skill level 10 in Fighting
  7528 | D:8      | Identified the +3 short sword of Fuosm {heavy, rN++ Stlth+}
  7607 | D:8      | Reached skill level 10 in Axes
  7713 | D:8      | Noticed a cyclops
  7714 | D:8      | Noticed a death knight
  7715 | D:8      | Noticed a manticore
  7959 | D:8      | Killed a manticore
  7998 | D:8      | Killed a cyclops
  7999 | D:8      | Reached skill level 11 in Fighting
  8158 | D:8      | HP: 20/87 [mirror damage (6)]
  8537 | D:8      | HP: 15/88 [??? (13)]
  8759 | D:8      | HP: 22/88 [mirror damage (9)]
  8761 | D:8      | Killed a death knight
  8762 | D:8      | Reached skill level 11 in Axes
  9293 | D:9      | You pick up a book of Decay and begin reading...
  9293 | D:9      | You add the spells Dispel Undead and Death Channel to your
                  | library.
  9297 | D:9      | Noticed Prince Ribbit
  9302 | D:9      | Killed Prince Ribbit
  9347 | D:9      | Found a snail-covered altar of Cheibriados.
  9369 | D:9      | Noticed an angel
  9384 | D:9      | Reached XP level 11. HP: 57/95 MP: 11/11
  9384 | D:9      | Found a shimmering altar of Xom.
  9596 | D:9      | Noticed gelatine's ghost (journeyman DsFE)
  9619 | D:9      | Found a transporter.
  9634 | D:9      | Found a transporter.
  9681 | D:9      | HP: 22/95 [orc warrior/+0 trident of venom (3)]
  9949 | D:9      | Found a staircase to the Orcish Mines.
  9985 | D:9      | HP: 20/95 [orc priest/divine providence (14)]
 10019 | D:9      | HP: 22/95 [orc warrior/+0 long sword (3)]
 10028 | D:9      | Reached skill level 12 in Fighting
 10034 | D:9      | HP: 14/95 [orc priest/divine providence (15)]
 10546 | D:10     | Entered Level 10 of the Dungeon
 10978 | D:10     | Noticed a four-headed hydra
 10985 | D:10     | Killed a one-headed hydra
 11138 | D:10     | Identified the +6 quarterstaff "Huudghoy" {vamp, MP+9}
 11641 | D:11     | Found a staircase to the Lair.
 11646 | D:11     | Reached skill level 12 in Axes
 11684 | D:11     | Noticed Psyche
 11689 | D:11     | Killed Psyche
 11889 | D:11     | Noticed a necromancer
 11889 | D:11     | Noticed a hell knight
 11892 | D:11     | Noticed a necromancer
 11913 | D:11     | Noticed a hell knight
 11927 | D:11     | Killed a hell knight
 11928 | D:11     | Reached skill level 13 in Fighting
 12480 | D:11     | Found Ututiusch's Distillery.
 12489 | D:11     | Bought a potion of invisibility for 128 gold pieces
 12496 | D:11     | Noticed a tengu warrior
 12503 | D:11     | Killed a tengu warrior
 12592 | D:11     | You pick up a book of Lightning and begin reading...
 12592 | D:11     | You add the spells Vhi's Electric Charge, Arcjolt and
                  | Plasma Beam to your library.
 12758 | D:6      | Bought a runed cloak for 217 gold pieces
 12965 | D:11     | Found Non Gucziowk's Magic Scroll Emporium.
 13009 | D:11     | Noticed a cyan ugly thing
 13019 | D:11     | Killed a cyan ugly thing
 13298 | D:12     | Noticed a boulder beetle
 13315 | D:12     | Killed a boulder beetle
 13420 | D:12     | Reached XP level 12. HP: 52/105 MP: 12/12
 13421 | D:12     | Noticed a two-headed ogre
 13426 | D:12     | HP: 24/105 [gargoyle/stone arrow (15)]
 13435 | D:12     | HP: 35/159 [two-headed ogre/+0 giant club (8)]
 13436 | D:12     | Killed a two-headed ogre
 13437 | D:12     | Reached skill level 13 in Axes
 14047 | D:12     | Reached skill level 14 in Fighting
 14241 | D:13     | Noticed a centaur warrior
 14258 | D:13     | Killed a centaur warrior
 14342 | D:13     | Noticed a boulder beetle
 14344 | D:13     | Noticed a centaur warrior
 14358 | D:13     | Killed a centaur warrior
 14365 | D:13     | Killed a boulder beetle
 14477 | D:13     | Noticed a tengu warrior
 14493 | D:13     | Killed a tengu warrior
 14873 | D:13     | Noticed a centaur warrior
 14881 | D:13     | Killed a centaur warrior
 15043 | D:14     | Noticed Rupert
 15043 | D:14     | Noticed Nessos
 15043 | D:14     | Noticed Snorg
 15043 | D:14     | Found a gate to the Vaults.
 15120 | Lair:1   | Entered Level 1 of the Lair of Beasts
 15191 | Lair:1   | Reached skill level 14 in Axes
 15227 | Lair:1   | Reached skill level 15 in Fighting
 15494 | Lair:1   | Found a frozen archway.
 15504 | IceCv    | Entered an ice cave
 15921 | IceCv    | Identified the +8 shortbow "Ceuqall" {heavy, Contam rF+
                  | Str+5 Dex+3}
 16100 | Lair:1   | Reached XP level 13. HP: 115/115 MP: 13/13
 16459 | Lair:1   | Reached skill level 15 in Axes
 16921 | Lair:2   | Reached skill level 5 in Armour
 17161 | Lair:2   | Noticed Erica
 17173 | Lair:2   | Killed Erica
 17309 | Lair:2   | Found a hole to the Spider Nest.
 17419 | Lair:2   | Reached skill level 6 in Armour
 18045 | Lair:3   | Found a runed translucent gate.
 18045 | Lair:3   | Found a runed translucent gate.
 18045 | Lair:3   | Found a runed translucent gate.
 18049 | Lair:3   | Noticed a minotaur
 18049 | Lair:3   | Noticed BleedingAnus's ghost (journeyman MiFi)
 18100 | Lair:3   | Found a staircase to the Swamp.
 18139 | Lair:3   | Reached skill level 7 in Armour
 18255 | Lair:3   | Found a gate leading to a gauntlet.
 18304 | Gauntlet | Entered a Gauntlet
 18304 | Gauntlet | Found a transporter.
 18304 | Gauntlet | Found a transporter.
 18304 | Gauntlet | Found a transporter.
 18315 | Gauntlet | Found a transporter.
 18320 | Gauntlet | Found a transporter.
 18324 | Gauntlet | Found a runed translucent gate.
 18324 | Gauntlet | Found a runed translucent gate.
 18324 | Gauntlet | Found a runed translucent gate.
 18326 | Gauntlet | Found a transporter.
 18329 | Gauntlet | Found a transporter.
 18333 | Gauntlet | Found a runed translucent door.
 18335 | Gauntlet | Found a runed translucent door.
 18337 | Gauntlet | Found a transporter.
 18355 | Gauntlet | Found a transporter.
 18360 | Gauntlet | Found a transporter.
 18363 | Gauntlet | Found a transporter.
 18373 | Gauntlet | Found a transporter.
 18776 | Gauntlet | Noticed a minotaur
 18784 | Gauntlet | Killed a minotaur
 18785 | Gauntlet | Reached skill level 8 in Armour
 18793 | Gauntlet | You pick up a book of Geomancy and begin reading...
 18793 | Gauntlet | You add the spells Sandblast, Passwall and Stone Arrow to
                  | your library.
 19613 | Lair:4   | Reached skill level 16 in Axes
 19613 | Lair:4   | Reached skill level 9 in Armour
 19637 | Lair:4   | Gained mutation: You regenerate health from kills. [demonic
                  | ancestry]
 19637 | Lair:4   | Reached XP level 14. HP: 105/123 MP: 14/14
 19712 | Lair:4   | Identified the +5 lajatang "Oxuret" {freeze, SInv}
 20253 | Lair:5   | Entered Level 5 of the Lair of Beasts
 20258 | Lair:5   | Reached skill level 10 in Armour
 20298 | Lair:5   | Got the Volume of Blasting and Last Rites
 20362 | Lair:5   | Reached skill level 11 in Armour
 20547 | Lair:5   | Identified the +3 scimitar "Veenukk" {pain, rElec Will+}
 20576 | Lair:5   | You pick up a book of Dreams and begin reading...
 20576 | Lair:5   | You add the spells Ensorcelled Hibernation, Spider Form and
                  | Anguish to your library.
 20657 | Lair:5   | Found a staircase to the Slime Pits.
 20658 | Lair:5   | Found a viscous altar of Jiyva.
 20732 | Lair:5   | You pick up a book of the Hunter and begin reading...
 20732 | Lair:5   | You add the spells Call Canine Familiar and Portal
                  | Projectile to your library.
 20778 | Lair:5   | magus.rc [v1.9.6]
 21023 | Lair:5   | Reached skill level 12 in Armour
 21280 | Lair:5   | Identified the +6 short sword "Kawun" {elec, rN+ Str+4
                  | Int-4}
 21546 | Orc:1    | Entered Level 1 of the Orcish Mines
 21718 | Orc:1    | Found a dark tunnel.
 21783 | Volcano  | Entered a volcano
 21867 | Volcano  | You pick up a book of Touch and begin reading...
 21867 | Volcano  | You add the spells Kiss of Death and Confusing Touch to
                  | your library.
 22083 | Orc:2    | Entered Level 2 of the Orcish Mines
 22472 | Orc:2    | Reached skill level 13 in Armour
 22475 | Orc:2    | Noticed an orc warlord
 22555 | Orc:2    | Killed an orc warlord
 22608 | Orc:2    | Found a staircase to the Elven Halls.
 22885 | Orc:2    | Gained mutation: You have a pair of horns on your head.
                  | [demonic ancestry]
 22885 | Orc:2    | Reached XP level 15. HP: 37/129 MP: 15/15
 22889 | Orc:2    | HP: 30/129 [orc warrior/+0 short sword[an orc high priest]
                  | (11)]
 23266 | Orc:2    | Found Ameusom's Antique Armour Emporium.
 23267 | Orc:2    | Found Qedosebe's Antique Weapon Shoppe.
 23269 | Orc:2    | Found Wysya's General Store.
 23269 | Orc:2    | Found Xayfi's Book Emporium.
 23570 | Orc:2    | Bought a pair of faintly humming gloves for 237 gold pieces
 23570 | Orc:2    | Identified the +1 pair of gloves of the Fisher {Str+3} (You
                  | bought it in a shop on level 2 of the Orcish Mines)
 23867 | Lair:5   | Became a worshipper of Jiyva Jidaosif the Shapeless
 23868 | Lair:5   | Identified a potion of experience
 23868 | Lair:5   | Reached skill level 14 in Armour
 23868 | Lair:5   | Gained mutation: You have a pair of large horns on your
                  | head. [demonic ancestry]
 23868 | Lair:5   | Reached XP level 16. HP: 136/136 MP: 16/16
 24062 | D:13     | Killed Rupert
 24063 | D:13     | Reached skill level 15 in Armour
 24241 | D:13     | Killed Snorg
 24530 | D:14     | HP: 34/136 [centaur warrior/arrow (6)]
 24531 | D:14     | HP: 16/136 [Nessos/arrow (10)]
 25002 | D:14     | Killed Nessos
 25262 | D:14     | Reached * piety under Jiyva
 25570 | D:14     | Reached ** piety under Jiyva
 25674 | D:15     | Entered Level 15 of the Dungeon
 25728 | D:15     | Reached skill level 16 in Armour
 26112 | D:15     | Found a staircase to the Depths.
 26437 | D:15     | Reached *** piety under Jiyva
 26871 | Swamp:1  | Entered Level 1 of the Swamp
 26873 | Swamp:1  | Gained mutation: Your melee attacks may engulf your foes in
                  | ooze. [Jiyva's grace]
 26873 | Swamp:1  | Gained mutation: Your muscles are strong. (Str +4, Int/Dex
                  | -1) [Jiyva's grace]
 26873 | Swamp:1  | Gained mutation: Your muscles are very strong. (Str +8,
                  | Int/Dex -2) [Jiyva's grace]
 26873 | Swamp:1  | Gained mutation: Your flesh is cold resistant. (rC+)
                  | [Jiyva's grace]
 27055 | Swamp:1  | Noticed Josephine
 27073 | Swamp:1  | Killed Josephine
 27331 | Swamp:1  | Reached **** piety under Jiyva
 27626 | Swamp:2  | Noticed a kraken
 27637 | Swamp:2  | Killed a kraken
 27647 | Swamp:2  | Reached skill level 17 in Armour
 27804 | Swamp:2  | Found a runed translucent gate.
 27804 | Swamp:2  | Identified Roxanne's Precepts of Transmutation
 27804 | Swamp:2  | Noticed Roxanne
 27805 | Swamp:2  | Found a runed translucent gate.
 27805 | Swamp:2  | Found a runed translucent gate.
 27830 | Swamp:2  | Killed Roxanne
 27832 | Swamp:2  | You add the spells Beastly Appendage, Wereblood, Ice Form
                  | and Alistair's Intoxication to your library.
 27838 | Swamp:2  | Noticed AiryTheDragon's ghost (journeyman DrAE)
 28423 | Swamp:3  | HP: 22/137 [tyrant leech (23)]
 28428 | Swamp:3  | HP: 26/137 [swamp worm (21)]
 28624 | Swamp:4  | Entered Level 4 of the Swamp
 28722 | Swamp:4  | Reached XP level 17. HP: 144/144 MP: 17/17
 28756 | Swamp:4  | HP: 34/144 [goliath frog (8)]
 28761 | Swamp:4  | HP: 33/144 [alligator (4)]
 28770 | Swamp:4  | HP: 23/144 [three-headed hydra (12)]
 28776 | Swamp:4  | HP: 31/144 [swamp dragon (3)]
 28872 | Swamp:4  | Reached skill level 18 in Armour
 28936 | Swamp:4  | Reached skill level 16 in Fighting
 28950 | Swamp:4  | Noticed the 27-headed Lernaean hydra
 28958 | Swamp:4  | HP: 33/144 [the 24-headed Lernaean hydra (10)]
 28958 | Swamp:4  | HP: 14/144 [six-headed hydra (3)]
 28958 | Swamp:4  | HP: 2/144 [the 24-headed Lernaean hydra (10)]
 28958 | Swamp:4  | Slain by the 24-headed Lernaean hydra

Vanquished Creatures
  Rupert (D:13)
  Roxanne (Swamp:2)
  An orc warlord (Orc:2)
  5 eleionomae
  Nessos (D:14)
  A bunyip (Swamp:4)
  A minotaur (Gauntlet)
  Josephine (Swamp:1)
  12 hydras
  A shambling mangrove (Swamp:3)
  4 centaur warriors
  Erica (Lair:2)
  3 ghost crabs
  2 two-headed ogres
  9 alligators
  3 catoblepae (Lair:5)
  2 boulder beetles
  12 death yaks (Lair:5)
  2 tengu warriors
  4 orc high priests (Orc:2)
  A pharaoh ant (Lair:2)
  5 goliath frogs
  3 bog bodies
  4 spriggan druids
  4 swamp dragons (Swamp:4)
  A wizard (D:13)
  A deep elf pyromancer (D:14)
  5 orc knights
  A necromancer (Swamp:1)
  4 orc sorcerers (Orc:2)
  7 ugly things
  4 cyclopes
  7 manticores
  A salamander (D:15)
  3 black mambas
  A will-o-the-wisp (Swamp:2)
  12 elephants
  A molten gargoyle (Volcano)
  4 ice statues
  14 cane toads
  4 gargoyles
  3 unseen horrors
  7 rime drakes
  12 komodo dragons
  3 efreet
  Psyche (D:11)
  A freezing wraith (IceCv)
  2 tengu conjurers
  7 trolls
  3 polar bears
  A death drake zombie (Swamp:1)
  3 meliai (D:13)
  4 hornets
  11 tyrant leeches
  Prince Ribbit (D:9)
  13 blink frogs
  12 dream sheep
  A death drake skeleton (Swamp:1)
  A tarantella (Lair:2)
  A spriggan zombie (Swamp:1)
  A slime creature (D:8)
  5 wraiths
  A wyvern (Lair:5)
  4 spriggans
  2 dire elephant simulacra (IceCv)
  A vampire (D:12)
  3 small abominations (Gauntlet)
  31 yaks
  4 fire elementals
  7 basilisks
  16 humans (D:13)
  2 steam dragons
  A redback (Lair:2)
  11 vampire mosquitoes
  3 wargs
  10 swamp worms
  13 water moccasins
  2 acid dragons
  6 hell hounds
  22 orc warriors
  A sky beast (D:7)
  7 swamp drakes
  2 ice beasts
  6 black bears
  13 centaurs
  5 kobold brigands
  11 bullfrogs
  2 gnoll sergeants
  2 cane toad simulacra (IceCv)
  4 scorpions
  5 wights
  3 killer bees (D:9)
  An elephant simulacrum (IceCv)
  5 howler monkeys
  A centaur zombie (Ossuary)
  A jelly (D:5)
  26 orc priests
  5 hounds
  A sleepcap (D:5)
  Jessica (D:2)
  7 iguanas
  4 scorpion zombies (Ossuary)
  26 orc wizards
  2 wolf simulacra (IceCv)
  An ogre zombie (Ossuary)
  A mummy (Ossuary)
  Robin (D:3)
  13 gnolls
  13 adders
  3 river rats (D:3)
  A white imp (D:6)
  4 adder zombies (Ossuary)
  6 worms
  4 dart slugs
  100 orcs
  5 ball pythons
  15 bats
  5 endoplasms
  18 goblins
  10 hobgoblins
  4 jackals (D:3)
  24 kobolds
  6 quokkas
  2 frilled lizards (D:1)
  2 gnoll zombies (Ossuary)
  3 goblin zombies (Ossuary)
  4 orc zombies (Ossuary)
  5 rats
  4 tentacles (Swamp:2)
781 creatures vanquished.

Vanquished Creatures (collateral kills)
  A kraken (Swamp:2)
  Snorg (D:13)
  A hydra (Swamp:3)
  A death knight (D:8)
  An orc high priest (Orc:2)
  A hell knight (D:11)
  A will-o-the-wisp (Swamp:4)
  2 tyrant leeches
  A yak (D:9)
  A basilisk (Lair:3)
  A warg (D:11)
  2 vampire mosquitoes
  An orc warrior (Orc:2)
  A swamp drake (Swamp:4)
  A centaur (D:9)
  A water moccasin zombie (Ossuary)
  3 wights
  A bullfrog zombie (Ossuary)
  A hound (D:5)
  An orc priest (D:9)
  An orc wizard (D:5)
  3 orcs
  An orc zombie (Ossuary)
29 creatures vanquished.

Vanquished Creatures (others)
  A rakshasa (D:15)
  A hydra (Swamp:4)
  A tengu warrior (D:14)
  An orc knight (D:14)
  A manticore (D:15)
  A bloated husk (Swamp:2)
  11 slime creatures
  A water elemental (D:14)
  An orc warrior (D:14)
  3 killer bees (D:9)
  14 jellies
  An orc wizard (D:14)
  An orc (D:14)
  13 foxfires
  12 fungi
  18 plants
  6 tentacles (Swamp:2)
87 creatures vanquished.

Grand Total: 897 creatures vanquished

Table legend:
 A = Non-vault XP
 B = Vault XP
 C = Vault XP percentage of total XP
 D = Non-vault monster count
 E = Vault monster count
 F = Vault count percentage of total count
                 A         B        C        D         E       F
            +---------+---------+-------+---------+---------+-------
      Total |  114053 |   62470 |  35.4 |     498 |     310 |  38.4
            +---------+---------+-------+---------+---------+-------
        D:1 |      37 |       0 |   0.0 |      24 |       0 |   0.0
        D:2 |      32 |      37 |  53.6 |      11 |       1 |   8.3
        D:3 |     201 |     201 |  50.0 |      36 |      36 |  50.0
        D:4 |      60 |       0 |   0.0 |      10 |       0 |   0.0
        D:5 |     789 |      89 |  10.1 |      20 |       2 |   9.1
        D:6 |    1468 |       0 |   0.0 |      22 |       0 |   0.0
        D:7 |    2094 |     276 |  11.6 |      19 |       7 |  26.9
        D:8 |    1521 |    2915 |  65.7 |      13 |      14 |  51.9
        D:9 |    1832 |    1127 |  38.1 |      27 |      25 |  48.1
       D:10 |    2340 |       0 |   0.0 |      10 |       0 |   0.0
       D:11 |    3067 |    2224 |  42.0 |      12 |      13 |  52.0
       D:12 |    4743 |       0 |   0.0 |      20 |       0 |   0.0
       D:13 |    7451 |    7011 |  48.5 |      23 |      20 |  46.5
       D:14 |    6378 |    1019 |  13.8 |      14 |       1 |   6.7
       D:15 |    3671 |    1362 |  27.1 |      13 |       2 |  13.3
     Lair:1 |    6053 |       0 |   0.0 |      19 |       0 |   0.0
     Lair:2 |    3175 |    4230 |  57.1 |      10 |      11 |  52.4
     Lair:3 |    5507 |     794 |  12.6 |      22 |      11 |  33.3
     Lair:4 |   11426 |       0 |   0.0 |      37 |       0 |   0.0
     Lair:5 |   11032 |   10942 |  49.8 |      24 |      23 |  48.9
    Swamp:1 |    8407 |    3082 |  26.8 |      21 |       9 |  30.0
    Swamp:2 |    9123 |    2900 |  24.1 |      20 |       2 |   9.1
    Swamp:3 |   11919 |       0 |   0.0 |      23 |       0 |   0.0
    Swamp:4 |    9090 |    6371 |  41.2 |      13 |      13 |  50.0
      Orc:1 |     643 |       0 |   0.0 |      17 |       0 |   0.0
      Orc:2 |    1994 |    9782 |  83.1 |      18 |      68 |  79.1
    Ossuary |       0 |     471 | 100.0 |       0 |      24 | 100.0
      IceCv |       0 |    2961 | 100.0 |       0 |      12 | 100.0
    Volcano |       0 |    1264 | 100.0 |       0 |       4 | 100.0
   Gauntlet |       0 |    3412 | 100.0 |       0 |      12 | 100.0
            +---------+---------+-------+---------+---------+-------

Illustrated notes

Table legend:
 A = Kills in this place as a percentage of kills in the entire game.
 B = Kills by you in this place as a percentage of kills by you in the entire game.
 C = Kills by friends in this place as a percentage of kills by friends in the entire game.
 D = Other kills in this place as a percentage of other kills in the entire game.
 E = Experience gained in this place as a percentage of experience gained in the entire game.
 F = Experience gained in this place divided by the number of levels of this place that you have seen.
                   A       B       C       D       E      F
               +-------+-------+-------+-------+-------+----------------------
         Total | 100.0 | 100.0 | 100.0 | 100.0 | 100.0 | 5884.1
       Dungeon |  48.9 |  48.9 |  51.7 |   0.0 |  29.4 | 3463.0
          Lair |  19.4 |  20.1 |   3.4 |   0.0 |  30.1 | 10631.8
         Swamp |  12.5 |  11.8 |  24.1 | 100.0 |  28.8 | 12723.0
  Orcish Mines |  12.7 |  12.9 |  10.3 |   0.0 |   7.0 | 6209.5
       Ossuary |   3.0 |   2.7 |  10.3 |   0.0 |   0.3 | 471.0
      Ice Cave |   1.5 |   1.5 |   0.0 |   0.0 |   1.7 | 2961.0
       Volcano |   0.5 |   0.5 |   0.0 |   0.0 |   0.7 | 1264.0
      Gauntlet |   1.5 |   1.5 |   0.0 |   0.0 |   1.9 | 3412.0
               +-------+-------+-------+-------+-------+----------------------

Table legend: (Time is in decaauts)
 A = Elapsed time spent in this place.
 B = Non-inter-level travel time spent in this place.
 C = Inter-level travel time spent in this place.
 D = Time resting spent in this place.
 E = Time spent auto-exploring this place.
 F = Levels seen in this place.
 G = Mean time per level.
                   A        B        C        D        E       F      G
               +--------+--------+--------+--------+--------+-----+--------+
         Total |  28486 |  26304 |   2182 |   2082 |  19246 |  30 |  949.5 |
       Dungeon |  17644 |  16443 |   1201 |   1655 |  12274 |  15 | 1176.3 |
          Lair |   5429 |   4911 |    518 |      6 |   3895 |   5 | 1085.8 |
         Swamp |   1941 |   1765 |    176 |      5 |   1217 |   4 |  485.2 |
  Orcish Mines |   1812 |   1526 |    286 |      5 |   1187 |   2 |  906.0 |
       Ossuary |    369 |    369 |      0 |      0 |    264 |   1 |  369.0 |
      Ice Cave |    573 |    573 |      0 |    241 |    136 |   1 |  573.0 |
       Volcano |    246 |    246 |      0 |     23 |    121 |   1 |  246.0 |
      Gauntlet |    469 |    469 |      0 |    147 |    151 |   1 |  469.0 |
               +--------+--------+--------+--------+--------+-----+--------+

Top non-repeatable levels by time:
     D:8: 1802 daAuts
    D:13: 1783 daAuts
     D:6: 1575 daAuts
   Orc:2: 1520 daAuts
    D:11: 1427 daAuts
     D:7: 1426 daAuts
     D:9: 1358 daAuts
    D:10: 1202 daAuts
  Lair:1: 1189 daAuts
  Lair:2: 1187 daAuts
  Lair:5: 1165 daAuts
     D:3: 1116 daAuts
  Lair:3: 1047 daAuts
    D:15: 1047 daAuts
    D:12: 934 daAuts
